 Dungeon Crawl Stone Soup version 0.30-a0-715-gdb4ae3ece1 (webtiles) character file.

Game seed: 12947510717422284276

301 hikkokomori the Trooper (level 6, -2/49 HPs)
             Began as a Mummy Fighter on Jan 25, 2023.
             Slain by Sigmund
             ... wielding a +0 scythe
              (4 damage)
             ... on level 4 of the Dungeon.
             The game lasted 00:03:02 (2204 turns).

hikkokomori the Trooper (Mummy Fighter)             Turns: 2204, Time: 00:03:02

Health: -2/49      AC:  9    Str: 21    XL:     6   Next: 14%
Magic:  6/6        EV:  9    Int:  8    God:
Gold:   139        SH:  0    Dex: 11    Spells: 5/5 levels left

rFire   x . .      SeeInvis .    a - +0 war axe
rCold   + . .      Faith    +    c - +0 buckler
rNeg    + + +      Spirit   .    b - +0 scale mail
rPois   ∞          Reflect  .    o - +0 helmet
rElec   .          Harm     .    (no cloak)
rCorr   .          Rampage  .    k - +0 pair of gloves
Will    .....                    l - +0 pair of boots Stlth
                                 (no amulet)
HPRegen 0.28/turn                (no ring)
MPRegen 0.10/turn                (no ring)

@: confused
A: cold resistance 1, negative energy resistance 3, torment resistance 2, heat
vulnerability 1, in touch with death 1, no potions, faith
a: no special abilities


You were on level 4 of the Dungeon.
You visited 1 branch of the dungeon, and saw 4 of its levels.

You collected 139 gold pieces.

Inventory:

Hand Weapons
 a - a +0 war axe (weapon)
Missiles
 d - 10 poisoned darts (quivered)
 h - 3 throwing nets
Armour
 b - a +0 scale mail (worn)
 c - a +0 buckler (worn)
 k - a +0 pair of gloves (worn)
 l - a +0 pair of boots (worn)
 o - a +0 helmet (worn)
Scrolls
 e - a scroll of noise {unknown}
 f - a scroll of immolation {unknown}
 g - a scroll of magic mapping {unknown}
 i - a scroll of summoning {unknown}
 j - 3 scrolls of teleportation {unknown}
 m - a scroll of enchant weapon {unknown}
 n - a scroll of silence {unknown}


   Skills:
 + Level 4.6 Fighting
 + Level 3.3 Axes
 - Level 2.4 Armour
 + Level 3.8 Shields


You had 5 spell levels left.
You didn't know any spells.
Your spell library was empty.

Dungeon Overview and Level Annotations

Branches:
Dungeon (4/15)
 Temple: D:4-7

Altars:
Uskayaw
Wu Jian

Shops:
D:2 [

Annotations:
D:4 Sigmund


Innate Abilities, Weirdness & Mutations

You are immune to poison.
Your flesh is cold resistant. (rC+)
You are immune to negative energy. (rN+++)
You are immune to unholy pain and torment.
You are vulnerable to heat. (rF-)
You are in touch with the powers of death.
You do not drink.
You have a special connection with the divine. (Faith)


Message History

You closely miss Sigmund. Sigmund casts a spell at you.
The puff of flame hits you. The fire burns you terribly!
You hit Sigmund but do no damage. Sigmund barely misses you.
You hit Sigmund.
Sigmund is lightly wounded.
You block Sigmund's attack.
You closely miss Sigmund.
Sigmund is lightly wounded.
Sigmund points at you and mumbles some strange words.
The magic dart hits you.
* * * LOW HITPOINT WARNING * * *
You slash Sigmund!
Sigmund is heavily wounded.
Sigmund hits you but does no damage.
You barely miss Sigmund.
Sigmund is heavily wounded.
Sigmund flickers, as though insubstantial.
Sigmund mumbles some strange words.
Sigmund flickers and vanishes!
Deactivating autopickup; reactivate with Ctrl-A.
You hit something but do no damage. Something hits you but does no damage.
You barely miss something.
You hear some strange, mumbled words.
You are confused.
Something hits you.
* * * LOW HITPOINT WARNING * * *
You bump into the rock wall.
You bump into the rock wall.
Something hits you but does no damage.
A magic dart appears from out of thin air!
The magic dart hits you.
* * * LOW HITPOINT WARNING * * *
You can't drink.
Something hits you!
* * * LOW HITPOINT WARNING * * *
Things that are here:
an adder corpse; a scorpion corpse You bump into the rock wall.
You slash something! Something hits you.
You die...

...# #.# #.# # #
#.###.# #.#####
..#.####.....# #.#....
.......#†##..# #.#.###
#######...##..## #.#.#
#
.........####..###.#.#
# #.###.#.##
#......#.# # ). #.#
#####..#.### .._ #@#
##.....# #.. #{#
###.#.# #. #.. #.#.. .
.... #.... #.... #####
.:.... ##..... ......


There were no monsters in sight!

Vanquished Creatures
  An ice beast (D:4)
  A scorpion (D:4)
  A hound (D:4)
  2 adders
  3 worms
  3 dart slugs
  2 orcs
  9 ball pythons
  8 endoplasms
  2 giant cockroaches
  10 hobgoblins
  7 jackals
  4 quokkas
  10 bats
  2 frilled lizards
  6 goblins
  10 kobolds
  5 rats
86 creatures vanquished.

Notes
Turn   | Place    | Note
-------+----------+-------------------------------------------
     0 | D:1      | hikkokomori the Mummy Fighter began the quest for the Orb.
     0 | D:1      | Reached XP level 1. HP: 18/18 MP: 1/1
   144 | D:1      | Found a faded altar of an unknown god.
   150 | D:1      | Reached XP level 2. HP: 24/24 MP: 2/2
   786 | D:2      | Gained mutation: You are in touch with the powers of death.
                  | [Mummy growth]
   786 | D:2      | Reached XP level 3. HP: 29/29 MP: 3/3
   922 | D:2      | Identified the +2 short sword of Wuosing {heavy, rF- rC+
                  | rN+ Int+3}
   959 | D:2      | Found an ornate altar of the Wu Jian Council.
  1255 | D:2      | Found Paobaele's Armour Boutique.
  1348 | D:3      | Reached XP level 4. HP: 37/37 MP: 4/4
  2015 | D:4      | Noticed an ice beast
  2033 | D:4      | Killed an ice beast
  2034 | D:4      | Reached skill level 4 in Fighting
  2034 | D:4      | Reached XP level 5. HP: 42/42 MP: 5/5
  2047 | D:4      | Identified the +1 robe "Suefi" {Rampage *Slow Dex+2 Stlth+}
  2141 | D:4      | Found a hide-covered altar of Uskayaw.
  2150 | D:4      | Noticed Sigmund
  2167 | D:4      | Reached XP level 6. HP: 41/49 MP: 6/6
  2202 | D:4      | HP: 2/49 [something (9)]
  2204 | D:4      | Slain by Sigmund

Illustrated notes

Levels and vault maps discovered:
D:1:      dpeg_arrival_erosion, layout_basic, ebering_ecumenical_altar_webs
D:2:      layout_basic, basic_altar, serial_shops, nicolae_shop_crystal,
          minmay_pentomino_r4
D:3:      layout_basic, dreamdust_princess_corridor, nicolae_elevator_lobby_plus
D:4:      layout_basic, mainiacjoe_overflow_cross_hatched,
          mainiacjoe_overflow_boulevard, uniq_menkaure, uniq_sigmund

Skill      XL: |  1  2  3  4 |
---------------+-------------+-----
Axes           | 2 3 |  3.3
Shields        | 3 |  3.8
Fighting       | 4 |  4.6
Armour         | |  2.4

Action                     |  1- 3 |  4- 6 || total
---------------------------+-------+-------++-------
  Melee: War axe           |   153 |   125 ||   278
 Armour: Scale mail        |    87 |    59 ||   146
  Dodge: Dodged            |    81 |    54 ||   135
  Block: Buckler           |    42 |    29 ||    71

Table legend: (Time is in decaauts)
 A = Elapsed time spent in this place.
 B = Non-inter-level travel time spent in this place.
 C = Inter-level travel time spent in this place.
 D = Time resting spent in this place.
 E = Time spent auto-exploring this place.
 F = Levels seen in this place.
 G = Mean time per level.
                   A        B        C        D        E       F      G
               +--------+--------+--------+--------+--------+-----+--------+
         Total |   2319 |   2193 |    126 |      0 |   1552 |   4 |  579.8 |
       Dungeon |   2319 |   2193 |    126 |      0 |   1552 |   4 |  579.8 |
               +--------+--------+--------+--------+--------+-----+--------+

Top non-repeatable levels by time:
     D:3: 742 daAuts
     D:1: 717 daAuts
     D:2: 622 daAuts
     D:4: 237 daAuts
